 Dungeon Sprint DCSS version 0.27-a0-1359-ga2a4dfd6fd (webtiles) character file.

Game seed: 2312577515667320131

83117 mhtbhm the Archmage (level 14, -7/98 HPs)
             Began as a Deep Elf Earth Elementalist on June 28, 2021.
             Was the Champion of Vehumet.
             Killed by divine providence
             ... invoked by a royal mummy
              (8 damage)
             ... in the Dungeon (Sprint III: "The Ten Rune Challenge") on June 29, 2021.
             The game lasted 00:22:00 (5678 turns).

mhtbhm the Archmage (Deep Elf Earth Elementalist)   Turns: 5678, Time: 00:22:01

Health: -7/98      AC: 34    Str:  5    XL:     14   Next: 92%
Magic:  6/47       EV: 18    Int: 29    God:    Vehumet [******]
Gold:   713        SH:  5    Dex: 18    Spells: 3/67 levels left

rFire    + . .     SeeInvis +   C - staff of earth
rCold    + . .     Faith    .   (no shield)
rNeg     + . .     Spirit   .   (armour currently unavailable)
rPois    ∞         Reflect  +   (no helmet)
rElec    +         Harm     .   E - scarf {rC+ rF+}
rCorr    +         Rampage  .   (gloves currently unavailable)
Will     +....     Clarity  +   (boots currently unavailable) Stlth +++++.....NoTele +
                                y - amulet of reflection
HPRegen  0.26/turn              x - ring of Rustause {Wiz rCorr Int+3 Dex+3}
MPRegen  0.30/turn              D - ring of see invisible

@: statue-form, slowed, very slow
A: slow and powerful, torment resistance 1, boosted hp, (iridescent scales 1),
clarity, poison resistance
}: 1/10 runes: serpentine
a: End Transformation, Renounce Religion


You were in the Dungeon.
You worshipped Vehumet.
Vehumet was exalted by your worship.
You were a living statue of rough stone.
You visited 1 branch You collected 1595 gold pieces.
You spent 882 gold pieces at shops.

Inventory:

Hand Weapons
 J - the +7 war axe of Muer {drain, Int+3}
   (You took it off a skeletal warrior in the Dungeon)

   A truly terrible weapon, it drains the life of those it strikes.
   Int:       It affects your intelligence (+3).
Missiles
 a - 7 curare-tipped darts (quivered)
 i - 27 stones
Armour
 b - a +2 robe of poison resistance (melded)
 v - a +0 pair of boots (melded)
 B - the +3 pair of gauntlets of War (melded) {Slay+5}
   (You found it in the Dungeon)

   Slay:      It affects your accuracy & damage with ranged weapons and melee
   (+5).
 E - a scarf of resistance (worn)
Magical Staves
 C - a staff of earth (weapon)
Jewellery
 k - an amulet of the acrobat
 p - a ring of magical power
 x - the ring of Rustause (left fist) {Wiz rCorr Int+3 Dex+3}
   (You took it off a deep elf high priest in the Dungeon)

   [ring of wizardry]

   It improves your spell success rate.Int: It affects your intelligence (+3).
   Dex:       It affects your dexterity (+3).
   rCorr:     It protects you from acid and corrosion.
 y - an amulet of reflection (around neck)
 z - the ring "Jeseliva" {Ice Contam rPois Str-4 Stlth+}
   (You found it in the Dungeon)

   [ring of ice]

   It enhances your ice magic.Str: It affects your strength (-4).
   rF:        It makes you vulnerable to fire.
   rC:        It protects you from cold.
   rPois:     It protects you from poison.
   Contam:    It causes magical contamination when unequipped.
   Stlth:     It makes you more stealthy.
 D - a ring of see invisible (right fist)
Wands
 m - a wand of polymorph (6)
 u - a wand of paralysis (9)
 A - a wand of acid (1)
 G - a wand of iceblast (5)
Scrolls
 d - 5 scrolls of amnesia
 l - a scroll of torment
 q - 9 scrolls of identify
 t - a scroll of immolation
 w - 2 scrolls of silence
 F - a scroll of enchant armour {unknown}
Potions
 c - 5 potions of curing
 f - 2 potions of magic
 g - 2 potions of berserk rage
 j - 4 potions of mutation
 o - a potion of invisibility
 r - a potion of might
Miscellaneous
 s - a condenser vane
 H - a phantom mirror
 I - a box of beasts


   Skills:
 - Level 4.9 Fighting
 + Level 1.4 Staves
 + Level 9.9 Dodging
 - Level 11.1 Stealth
 + Level 1.1 Shields
 O Level 27 Spellcasting
 + Level 9.7 Conjurations
 + Level 12.5 Transmutations
 * Level 14.8 Fire Magic
 O Level 27 Earth Magic
 + Level 3.9 Evocations


You had 3 spell levels left.
You knew the following spells:

 Your Spells              Type           Power      Damage    Failure   Level
a - Sandblast             Erth           100%       2d20      0%          1
b - Passwall              Tmut/Erth      100%       N/A       0%          2
c - Stone Arrow           Conj/Erth      100%       3d13      0%          3
d - Lee's Rapid Deconstr  Erth           69%        3d32*     0%          5
e - Petrify               Tmut/Erth      100%       N/A       0%          4
f - Sticky Flame          Conj/Fire      84%        2d10      1%          4
g - Inner Flame           Hex/Fire       70%        N/A       1%          3
h - Iron Shot             Conj/Erth      60%        9d11      1%          6
i - Shatter               Erth           69%        3d51*     1%          9
j - Bolt of Magma         Conj/Fire/Erth 59%        4d23      0%          5
k - Statue Form           Tmut/Erth      82%        N/A       1%          6
l - Lehudib's Crystal Sp  Conj/Erth      60%        10d14     1%          8
m - Ignition              Fire           45%        3d13      1%          8

Your spell library contained the following spells:

 Spells                   Type           Power      Damage    Failure   Level
 Polar Vortex             Ice            19%        N/A       100%        9
 Animate Skeleton         Necr           78%        N/A       1%          1
 Corona                   Hex            43%        N/A       1%          1
 Pain                     Necr           100%       1d9       1%          1
 Blink                    Tloc           N/A        N/A       1%          2
 Ensorcelled Hibernation  Hex/Ice        78%        N/A       1%          2
 Confusing Touch          Hex            39%        N/A       1%          3
 Dazzling Flash           Conj/Hex       100%       N/A       1%          3
 Gell's Gravitas          Tloc           19%        N/A       1%          3
 Summon Guardian Golem    Hex/Summ       39%        N/A       1%          3
 Tukima's Dance           Hex            39%        N/A       1%          3
 Vampiric Draining        Necr           19%        2d8       1%          3
 Animate Armour           Summ/Erth      100%       N/A       1%          4
 Iskenderun's Mystic Bla  Conj/Tloc      61%        2d13      1%          4
 Leda's Liquefaction      Hex/Erth       54%        N/A       1%          4
 Freezing Cloud           Conj/Ice/Air   27%        6-21      1%          5
 Yara's Violent Unravell  Hex/Tmut       33%        3d14      1%          5
 Animate Dead             Necr           19%        N/A       2%          4
 Agony                    Necr           39%        N/A       8%          5
 Metabolic Englaciation   Hex/Ice        19%        N/A       8%          5
 Silence                  Hex/Air        19%        N/A       8%          5
 Ozocubu's Refrigeration  Ice            19%        4d8       45%         7


Dungeon Overview and Level Annotations

Branches:
Dungeon (1/1)

Altars:
Cheibriados
Dithmenos
Elyvilon
Fedhas
Gozag
Hepliaklqana
Kikubaaqudgha
Makhleb
Nemelex Xobeh
Okawaru
Qazlal
Ru
Sif Muna
Trog
Uskayaw
Vehumet
Wu Jian
Xom
Yredelemnul
Zin
The Shining One
Beogh
Jiyva
Lugonu

Shops:
D ?:[*!![[


Innate Abilities, Weirdness & Mutations

You are a living statue of rough stone.
Your actions are slow, but your melee attacks are powerful.
You are resistant to unholy torment.
Your maximum health is greatly increased.
Your equipment is partially melded.
((You are partially covered in iridescent scales. (AC +2)))
You possess an exceptional clarity of mind.
Your system is resistant to poisons. (rPois)


Message History

Your Transmutations skill increases to level 12!
Your Fire Magic skill gained 2 levels and is now at level 14!
Unknown command.
Unknown command.
Casting: Lee's Rapid Deconstruction (safe; 0% risk of failure)
Confirm with . or Enter, or press ? or * to list all spells.
Aiming: Lee's Rapid Deconstruction (safe; 0% risk of failure)
Press: ? - help, Dir - move target A stone wall.
You feel a surge of power!
The wall shatters!
The blast of rock fragments hits the mummy priest!!!
You destroy the mummy priest!
Vehumet accepts your kill.
You feel your power returning.
The jiangshi disappears in a puff of smoke!
The phantasmal warrior disappears in a puff of smoke!
You feel extremely nervous for a moment...
Strange energies run through your body.
A poisoned dart hits the death scarab!
A bolt hits the death scarab!
The death scarab bites you but does no damage.
The death scarab closely misses you.
A poisoned dart hits the death scarab, but does no damage!
The death scarab bites you!
* * * LOW HITPOINT WARNING * * *
The death scarab drains your vigour!
You feel yourself slow down.
Unknown command.
Okay, then.
Aiming: Corrosive Bolt
Press: ? - help, Shift-Dir - straight line The bolt of acid misses the death scarab. x2
The bolt of acid misses the royal mummy.
You block the death scarab's attack. The death scarab barely misses you.
The death scarab misses you. x2; The death scarab completely misses you.
The death scarab misses you. The death scarab bites you!
* * * LOW HITPOINT WARNING * * *
The death scarab bites you but does no damage.
The royal mummy is engulfed in freezing vapours.
The royal mummy gestures at you while chanting.
Something smites you!
You die...

▓.^#^^...^......^.#
▓..#..##########..#
▓..#..#^.......#.^#
▓..#..#......:§#.^#
▓..#..#..M..M}.#..#
▓..#^.#)..M.M..#..#
▓^^#..#'########..#
▓..#..#..)..BB§...#
▓^.'..#..|M.BB8^^.#
▓##################


You could see a royal mummy and 4 death scarabs.

Vanquished Creatures
  An ancient lich (D)
  Boris (D)
  A royal mummy (D)
  Sigmund (D)
  A deep elf master archer (D)
  2 sphinxes (D)
  A nagaraja (D)
  3 deep elf demonologists (D)
  2 deep elf high priests (D)
  7 mummy priests (D)
  A fire dragon (D)
  2 hydras (D)
  Erolcha (D)
  A yaktaur captain (D)
  A naga warrior (D)
  A centaur warrior (D)
  3 anacondas (D)
  4 dancing weapons (D)
  Urug (D)
  2 deep elf knights (D)
  A death drake (D)
  5 skeletal warriors (D)
  An obsidian statue (D)
  2 anaconda zombies (D)
  A lindwurm (D)
  An orc knight (D)
  2 deep elf zephyrmancers (D)
  3 deep elf pyromancers (D)
  4 crystal guardians (D)
  2 oklob plants (D)
  An orc sorcerer (D)
  3 ugly things (D)
  A guardian serpent (D)
  4 black mambas (D)
  4 statues (D)
  A stone giant skeleton (D)
  Edmund (D)
  2 cane toads (D)
  A komodo dragon (D)
  3 wandering mushrooms (D)
  15 guardian mummies (D)
  4 spriggan defenders (D)
  An orc high priest (D)
  2 tyrant leeches (D)
  3 slime creatures (D)
  A shadow (D)
  5 redbacks (D)
  A spatial vortex (D)
  3 iron troll simulacra (D)
  2 nagas (D)
  A hydra simulacrum (D)
  2 water moccasins (D)
  A floating eye (D)
  3 orc warriors (D)
  A necrophage (D)
  5 two-headed ogres (D)
  A water elemental (D)
  An electric eel (D)
  A jelly (D)
  7 orc priests (D)
  Crazy Yiuf (D)
  Jessica (D)
  A wizard (D)
  A necromancer (D)
  An orc wizard (D)
  A kobold demonologist (D)
  3 humans (D)
  9 adders (D)
  8 orcs (D)
  An endoplasm (D)
  2 rats (D)
  3 bushes (D)
172 creatures vanquished.

Vanquished Creatures (others)
  3 bushes (D)
  5 plants (D)
8 creatures vanquished.

Grand Total: 180 creatures vanquished

Notes
Turn   | Place    | Note
-------+----------+-------------------------------------------
     0 | D        | mhtbhm the Deep Elf Earth Elementalist began the quest for
                  | the Orb.
     0 | D        | Reached XP level 1. HP: 10/10 MP: 6/6
   102 | D        | Noticed Jessica
   106 | D        | Killed Jessica
   107 | D        | Reached skill level 5 in Earth Magic
   107 | D        | Reached XP level 2. HP: 15/15 MP: 5/9
   107 | D        | Reached XP level 3. HP: 19/19 MP: 6/11
   150 | D        | Learned a level 2 spell: Passwall
   154 | D        | Learned a level 3 spell: Stone Arrow
   178 | D        | Gained mutation: You are dopey. (Int -2) [potion of
                  | mutation]
   178 | D        | Gained mutation: You occasionally shout uncontrollably at
                  | your foes. [potion of mutation]
   178 | D        | Gained mutation: Your system is resistant to poisons.
                  | (rPois) [potion of mutation]
   179 | D        | Lost mutation: You are dopey. (Int -2) [potion of mutation]
   179 | D        | Lost mutation: You occasionally shout uncontrollably at
                  | your foes. [potion of mutation]
   179 | D        | Gained mutation: You possess an exceptional clarity of
                  | mind. [potion of mutation]
   179 | D        | Gained mutation: You are partially covered in iridescent
                  | scales. (AC +2) [potion of mutation]
   181 | D        | Noticed Crazy Yiuf
   188 | D        | Reached skill level 5 in Spellcasting
   189 | D        | Killed Crazy Yiuf
   190 | D        | Reached XP level 4. HP: 24/24 MP: 3/14
   367 | D        | Noticed a water elemental
   369 | D        | Killed a water elemental
   412 | D        | Found a radiant altar of Vehumet.
   413 | D        | Found a shimmering blue altar of Sif Muna.
   413 | D        | Found an ancient bone altar of Kikubaaqudgha.
   413 | D        | Noticed a wizard
   414 | D        | Killed a wizard
   415 | D        | Reached XP level 5. HP: 28/28 MP: 14/17
   427 | D        | Became a worshipper of Vehumet
   436 | D        | Learned a level 5 spell: Lee's Rapid Deconstruction
   441 | D        | Learned a level 4 spell: Petrify
   503 | D        | Found a basalt altar of Yredelemnul.
   503 | D        | Found a shadowy altar of Dithmenos.
   503 | D        | Found a sacrificial altar of Ru.
   503 | D        | Noticed a necrophage
   505 | D        | Killed a necrophage
   506 | D        | Reached skill level 5 in Dodging
   506 | D        | Reached skill level 5 in Stealth
   506 | D        | Reached skill level 10 in Spellcasting
   506 | D        | Reached skill level 10 in Earth Magic
   506 | D        | Reached XP level 6. HP: 32/32 MP: 7/21
   587 | D        | Found a glowing silver altar of Zin.
   587 | D        | Found a glowing golden altar of the Shining One.
   587 | D        | Found a white marble altar of Elyvilon.
   587 | D        | Noticed a deep elf pyromancer
   589 | D        | Killed a deep elf pyromancer
   589 | D        | Reached * piety under Vehumet
   589 | D        | Offered knowledge of Freeze by Vehumet.
   590 | D        | Reached skill level 1 in Conjurations
   590 | D        | Reached XP level 7. HP: 36/36 MP: 11/25
   662 | D        | Found a hide-covered altar of Uskayaw.
   662 | D        | Found an iron altar of Okawaru.
   662 | D        | Found a bloodstained altar of Trog.
   662 | D        | Found an ornate altar of the Wu Jian Council.
   662 | D        | Noticed a human
   662 | D        | Noticed a human
   664 | D        | Killed a human
   664 | D        | Killed a human
   727 | D        | Reached ** piety under Vehumet
   727 | D        | Noticed a shadow
   728 | D        | Reached XP level 8. HP: 41/41 MP: 22/28
   731 | D        | Offered knowledge of Foxfire by Vehumet.
   829 | D        | Found a blossoming altar of Fedhas.
   829 | D        | Found a stormy altar of Qazlal.
   829 | D        | Found a snail-covered altar of Cheibriados.
   829 | D        | Found a burning altar of Makhleb.
   829 | D        | Found a shimmering altar of Xom.
   830 | D        | Found a hazy altar of Hepliaklqana.
   830 | D        | Found an opulent altar of Gozag.
   830 | D        | Found a sparkling altar of Nemelex Xobeh.
   830 | D        | Found a corrupted altar of Lugonu.
   830 | D        | Found a viscous altar of Jiyva.
   889 | D        | Offered knowledge of Searing Ray by Vehumet.
   889 | D        | Reached *** piety under Vehumet
   890 | D        | Reached skill level 15 in Spellcasting
   920 | D        | Noticed a two-headed ogre
   923 | D        | Killed a two-headed ogre
  1055 | D        | Found Avoeqal's General Store.
  1055 | D        | Noticed an orc knight
  1055 | D        | Noticed an orc sorcerer
  1057 | D        | Killed an orc sorcerer
  1057 | D        | Offered knowledge of Sticky Flame by Vehumet.
  1058 | D        | Reached **** piety under Vehumet
  1058 | D        | Reached ***** piety under Vehumet
  1059 | D        | Reached XP level 9. HP: 45/45 MP: 31/31
  1064 | D        | Killed an orc knight
  1065 | D        | Reached skill level 15 in Earth Magic
  1066 | D        | Reached ****** piety under Vehumet
  1087 | D        | Learned a level 4 spell: Sticky Flame
  1176 | D        | Bought a potion of flight for 30 gold pieces
  1176 | D        | Bought a scroll of identify for 20 gold pieces
  1176 | D        | Bought a scroll of immolation for 35 gold pieces
  1188 | D        | Noticed a deep elf knight
  1188 | D        | Noticed a deep elf pyromancer
  1188 | D        | Noticed a deep elf zephyrmancer
  1188 | D        | Noticed a deep elf zephyrmancer
  1188 | D        | Noticed a deep elf knight
  1197 | D        | Killed a deep elf zephyrmancer
  1197 | D        | Offered knowledge of Inner Flame by Vehumet.
  1201 | D        | Killed a deep elf knight
  1202 | D        | Killed a deep elf knight
  1202 | D        | Killed a deep elf zephyrmancer
  1203 | D        | Reached skill level 1 in Evocations
  1203 | D        | Reached XP level 10. HP: 50/50 MP: 25/35
  1206 | D        | Killed a deep elf pyromancer
  1313 | D        | Learned a level 3 spell: Inner Flame
  1331 | D        | Identified the ring of Rustause {Wiz rCorr Int+3 Dex+3}
  1331 | D        | Noticed a deep elf high priest
  1333 | D        | Killed a deep elf high priest
  1333 | D        | Offered knowledge of Fireball by Vehumet.
  1336 | D        | Noticed a deep elf master archer
  1544 | D        | Noticed a deep elf demonologist
  1546 | D        | Killed a deep elf demonologist
  1546 | D        | Noticed a deep elf demonologist
  1549 | D        | Noticed a deep elf pyromancer
  1549 | D        | Noticed a deep elf high priest
  1550 | D        | Killed a deep elf master archer
  1551 | D        | Reached XP level 11. HP: 21/54 MP: 23/38
  1551 | D        | Killed a deep elf demonologist
  1551 | D        | HP: 2/54 [deep elf high priest/a malign offering (20)]
  1551 | D        | Killed a deep elf pyromancer
  1842 | D        | Identified the +6 quarterstaff of Distraction {pain, Will+
                  | rCorr Stlth-}
  1842 | D        | Identified the amulet of Youthful Indiscretion {Spirit
                  | -Tele Will+ Regen+}
  1842 | D        | Noticed a deep elf demonologist
  1844 | D        | Killed a deep elf demonologist
  1850 | D        | Killed a deep elf high priest
  1926 | D        | Found the +3 pair of gauntlets of War {Slay+5}
  1983 | D        | Identified the ring "Jeseliva" {Ice Contam rPois Str-4
                  | Stlth+}
  1988 | D        | Got the Disquisition on Curses and the Glacier
  1992 | D        | Got the Papyrus of Ethics
  2067 | D        | Noticed Erolcha
  2069 | D        | Killed Erolcha
  2070 | D        | Offered knowledge of Iron Shot by Vehumet.
  2171 | D        | Learned a level 6 spell: Iron Shot
  2184 | D        | Learned a level 9 spell: Shatter
  2232 | D        | Noticed Edmund
  2233 | D        | Noticed Sigmund
  2239 | D        | Killed Sigmund
  2240 | D        | Reached XP level 12. HP: 33/60 MP: 13/42
  2242 | D        | Killed Edmund
  2478 | D        | Offered knowledge of Spellforged Servitor by Vehumet.
  2539 | D        | Noticed Urug
  2541 | D        | Reached skill level 1 in Fighting
  2552 | D        | Killed Urug
  2680 | D        | Noticed an eight-headed hydra
  2680 | D        | Noticed a four-headed hydra
  2682 | D        | Reached skill level 1 in Staves
  2683 | D        | Killed a four-headed hydra
  2685 | D        | Killed an eight-headed hydra
  2719 | D        | Offered knowledge of Irradiate by Vehumet.
  2788 | D        | Noticed an anaconda
  2792 | D        | Killed an anaconda
  2951 | D        | Noticed an anaconda
  2952 | D        | Offered knowledge of Bolt of Magma by Vehumet.
  2953 | D        | Killed an anaconda
  3016 | D        | Noticed an anaconda
  3018 | D        | Killed an anaconda
  3072 | D        | Noticed a naga warrior
  3072 | D        | Noticed a nagaraja
  3075 | D        | Killed a nagaraja
  3077 | D        | Reached XP level 13. HP: 65/65 MP: 33/45
  3124 | D        | Found Ercheral's Magic Scroll Shop.
  3124 | D        | Found Merupn's Book Shoppe.
  3126 | D        | Found Ylu Fata's Antique Armour Boutique.
  3133 | D        | Bought a scroll of holy word for 82 gold pieces
  3140 | D        | Learned a level 5 spell: Bolt of Magma
  3142 | D        | Bought a book of the Earth for 715 gold pieces
  3149 | D        | Learned a level 6 spell: Statue Form
  3155 | D        | Offered knowledge of Lightning Bolt by Vehumet.
  3164 | D        | Got a serpentine rune of Zot
  3458 | D        | Reached skill level 27 in Spellcasting
  3458 | D        | Offered knowledge of Orb of Destruction by Vehumet.
  3566 | D        | Reached skill level 5 in Transmutations
  3612 | D        | Noticed Boris
  3616 | D        | Reached skill level 1 in Fire Magic
  3622 | D        | Killed Boris
  3811 | D        | Offered knowledge of Lehudib's Crystal Spear by Vehumet.
  3811 | D        | Offered knowledge of Polar Vortex by Vehumet.
  3811 | D        | Offered knowledge of Ignition by Vehumet.
  4102 | D        | Found Yneniph's Distillery.
  4102 | D        | Found Gevvihua's Armour Shop.
  4102 | D        | Found Meamarao's Distillery.
  4102 | D        | Found Kyiskene's Armour Shoppe.
  4208 | D        | Reached skill level 1 in Shields
  4391 | D        | Learned a level 8 spell: Lehudib's Crystal Spear
  4400 | D        | Learned a level 8 spell: Ignition
  4472 | D        | Noticed a fire dragon
  4481 | D        | Killed a fire dragon
  4567 | D        | Reached skill level 27 in Earth Magic
  4673 | D        | Reached XP level 14. HP: 72/72 MP: 38/47
  4766 | D        | Noticed an ancient lich
  4768 | D        | Identified the +7 war axe of Muer {drain, Int+3}
  4773 | D        | Reached skill level 10 in Stealth
  4894 | D        | Killed an ancient lich
  4895 | D        | Reached skill level 10 in Transmutations
  5002 | D        | Noticed a sphinx
  5010 | D        | Killed a sphinx
  5011 | D        | Reached skill level 5 in Fire Magic
  5015 | D        | Noticed a sphinx
  5018 | D        | Killed a sphinx
  5264 | D        | Reached skill level 10 in Fire Magic
  5664 | D        | Noticed a royal mummy
  5664 | D        | Noticed a royal mummy
  5676 | D        | Killed a royal mummy
  5678 | D        | HP: 1/98 [death scarab[a royal mummy] (10)]
  5678 | D        | Killed from afar by a royal mummy

Illustrated notes

Levels and vault maps discovered:
D:        dungeon_sprint_mu [sprint_mu_entry_cave, sprint_mu_temple_rooms,
          sprint_mu_d1_spiders, sprint_mu_d2_genie, sprint_mu_d3_branching,
          sprint_mu_orc_legion, sprint_mu_elf_gauntlet, sprint_mu_hive_nellie,
          sprint_mu_lair_fedhas, sprint_mu_vaults_butterflies,
          sprint_mu_slime_circle, sprint_mu_swamp_cave, sprint_mu_snake_twists,
          sprint_mu_blade_basic, sprint_mu_crypt_lich, sprint_mu_tomb_spiral,
          sprint_mu_vestibule_basic, sprint_mu_gehenna_hellfire,
          sprint_mu_dis_giant, sprint_mu_tartarus_statrot,
          sprint_mu_cocytus_islands, sprint_mu_zot1]

Skill      XL: |  1  2  3  4  5  6  7  8  9 10 11 12 13 14 |
---------------+-------------------------------------------+-----
Dodging        | 3 4 5 7 9 |  9.9
Stealth        | 3 4 5 6 7 9 11 | 11.1
Spellcasting   | 4 6 8 10 13 14 16 19 21 24 26 27 | 27.0
Earth Magic    | 5 7 8 10 12 14 16 18 21 23 27 | 27.0
Conjurations   | 1 2 4 9 |  9.7
Transmutations | 2 3 4 6 12 | 12.5
Evocations     | 1 3 |  3.9
Fighting       | 1 2 4 |  4.9
Staves         | 1 |  1.4
Fire Magic     | 1 14 | 14.8
Shields        | 1 |  1.1

Action                   |  1- 3 |  4- 6 |  7- 9 | 10-12 | 13-15 || total
-------------------------+-------+-------+-------+-------+-------++-------
Melee: Staff             |       |       |       |     2 |     9 ||    11
 Cast: Sandblast         |    12 |     2 |     2 |     1 |       ||    17
       Stone Arrow       |     1 |     4 |     3 |    11 |     1 ||    20
       Passwall          |     1 |       |     1 |       |     1 ||     3
       Lee's Rapid Decon |       |     4 |    24 |    57 |    97 ||   182
       Petrify           |       |       |       |     6 |     3 ||     9
       Iron Shot         |       |       |       |     1 |     4 ||     5
       Bolt of Magma     |       |       |       |       |     3 ||     3
       Statue Form       |       |       |       |       |     5 ||     5
       Shatter           |       |       |       |       |     2 ||     2
       Ignition          |       |       |       |       |     1 ||     1
Evoke: Condenser vane    |       |       |     1 |     3 |       ||     4
       Wand              |       |       |       |     5 |     2 ||     7
  Use: Potion            |     2 |       |       |     3 |     1 ||     6
       Scroll            |       |       |     4 |     1 |     4 ||     9
 Stab: Distracted        |       |       |       |       |     1 ||     1
Armor: Robe              |     1 |       |       |     1 |     1 ||     3
       Skin              |       |       |       |       |     5 ||     5
Dodge: Dodged            |     1 |       |     1 |    11 |    19 ||    32
Block: Other             |       |       |       |     1 |     5 ||     6

Table legend: (Time is in decaauts)
 A = Elapsed time spent in this place.
 B = Non-inter-level travel time spent in this place.
 C = Inter-level travel time spent in this place.
 D = Time resting spent in this place.
 E = Time spent auto-exploring this place.
 F = Levels seen in this place.
 G = Mean time per level.
                   A        B        C        D        E       F      G
               +--------+--------+--------+--------+--------+-----+--------+
         Total |   5829 |   5829 |      0 |   3901 |     35 |   1 | 5829.0 |
       Dungeon |   5829 |   5829 |      0 |   3901 |     35 |   1 | 5829.0 |
               +--------+--------+--------+--------+--------+-----+--------+

Top non-repeatable levels by time:
       D: 5829 daAuts
